 Dungeon Crawl Stone Soup version 0.23.0-3-gf3c87f2 (webtiles) character file.

Game seed: 6208457813015103828

122 dvd the Cudgeler (level 5, 0/33 HPs)
             Began as a Gargoyle Monk on Feb 23, 2019.
             Killed from afar by an orc wizard (5 damage)
             ... with a puff of frost
             ... on level 3 of the Dungeon.
             The game lasted 00:05:55 (2346 turns).

dvd the Cudgeler (Gargoyle Monk)                    Turns: 2346, Time: 00:05:56

Health: 0/33       AC:  9    Str: 15    XL:     5   Next: 6%
Magic:  5/5        EV: 11    Int: 11    God:
Gold:   150        SH:  0    Dex: 12    Spells: 4/4 levels left

rFire    . . .     SeeInvis .   a - +0 mace
rCold    . . .     Gourm    .   (no shield)
rNeg     + . .     Faith    .   d - +0 ring mail
rPois    ∞         Spirit   .   (no helmet)
rElec    +         Reflect  .   (no cloak)
rCorr    .         Harm     .   (no gloves)
MR       .....                  (no boots)
Stlth    +.........             (no amulet)
HPRegen  0.11/turn              (no ring)
MPRegen  0.09/turn              (no ring)

@: no status effects
A: negative energy resistance 1, electricity resistance, unbreathing,
petrification resistance, rot immunity, AC +4
a: no special abilities


You were on level 3 of the Dungeon.
You were not hungry.

You visited 1 branch of the dungeon, and saw 4 of its levels.

You collected 150 gold pieces.

Inventory:

Hand Weapons
 a - a +0 mace (weapon)
Armour
 b - a +0 robe
 d - a +0 ring mail (worn)
Scrolls
 f - 8 scrolls of remove curse {unknown}
 g - a scroll of noise {unknown}
 h - a scroll of identify {unknown}
Potions
 e - a potion of ambrosia
 i - a potion of invisibility {unknown}
 j - a potion of flight {unknown}
 l - a potion of haste {unknown}
 m - 3 potions of might {unknown}
Comestibles
 c - 5 rations


   Skills:
 + Level 3.8 Fighting
 + Level 4.2 Maces & Flails
 + Level 1.5 Armour
 + Level 3.0 Dodging
 + Level 2.6 Stealth


You had 4 spell levels left.
You didn't know any spells.
Your spell library was empty.

Dungeon Overview and Level Annotations

Branches:
Dungeon (4/15)
 Temple: D:4-7

Altars:
Kikubaaqudgha

Annotations:
D:3 1 runed translucent door, 1 exclusion, Crazy Yiuf


Innate Abilities, Weirdness & Mutations

You are resistant to torment.
Your stone body is resilient. (AC +4)
You are immune to poison.
You resist negative energy. (rN+)
You are resistant to electric shocks. (rElec)
You can survive without breathing.
You are immune to petrification.
You are immune to rotting.


Message History

The orc wizard is moderately wounded.
The orc wizard hits you but does no damage.
You hit the orc wizard but do no damage.
The orc wizard is moderately wounded.
The orc wizard hits you but does no damage. x2
You sock the orc wizard!
The orc wizard is severely wounded.
The orc wizard gestures at you while chanting.
The puff of frost hits you!
* * * LOW HITPOINT WARNING * * *
The orc wizard hits you but does no damage.
You hit the orc wizard but do no damage.
The orc wizard is severely wounded.
The orc wizard hits you but does no damage.
The orc wizard closely misses you.
You barely miss the orc wizard.
The orc wizard is severely wounded.
The orc wizard casts a spell at you. The puff of frost hits you.
You die...

..# #.##.# #.# #.# #.#.#
..# #.##.# #.# #.# #<#.#
..# ####.##.#####.## #.#
#.#.#
..###....).....#...###.#
#.#.#
......##.##............#
#.#.#
.>######..#.##.#...#####
#.#.# ..# ##÷#.##.#..##
#.#.# ..#### #.#.##.#.##
####.#.##
.....####.#.#..#@#
#........
............#.##o#
#.##.##.#
#.......#.###.##.#
#.##.##.# #.........#
#.##.# #.#÷.##.#
#.......### #.##.#
#.#.###.# #.......#
#.##.# #.#.###.#
#.....<.#####.##.#
#.......#
#............)...#
###.#####
..(..##.......#### #.#


You could see an orc wizard.

Vanquished Creatures
  A worker ant (D:4)
  An orc wizard (D:2)
  2 adders
  2 worms (D:2)
  A leopard gecko (D:3)
  9 bats
  5 giant cockroaches
  6 goblins
  2 hobgoblins
  9 kobolds
  A quokka (D:4)
  6 frilled lizards
  7 rats
52 creatures vanquished.

Notes
Turn   | Place    | Note
-------+----------+-------------------------------------------
     0 | D:1      | dvd the Gargoyle Monk began the quest for the Orb.
     0 | D:1      | Reached XP level 1. HP: 14/14 MP: 1/1
    67 | D:1      | Reached XP level 2. HP: 19/19 MP: 2/2
   745 | D:2      | Reached XP level 3. HP: 23/23 MP: 3/3
  1018 | D:2      | Reached XP level 4. HP: 19/29 MP: 4/4
  1473 | D:3      | Reached skill level 1 in Armour
  1742 | D:3      | Found an ancient bone altar of Kikubaaqudgha.
  1836 | D:3      | Reached skill level 4 in Maces & Flails
  2074 | D:3      | Found a runed translucent door.
  2075 | D:3      | Noticed Crazy Yiuf
  2209 | D:4      | Reached XP level 5. HP: 22/33 MP: 5/5
  2346 | D:3      | Killed from afar by an orc wizard

Skill      XL: |  1  2  3  4 |
---------------+-------------+-----
Dodging        | 3 |  3.0
Armour         | 1 |  1.5
Maces & Flails | 4 |  4.2
Fighting       | |  3.8
Stealth        | |  2.6

Action                   |  1- 3 |  4- 6 || total
-------------------------+-------+-------++-------
Melee: Mace              |   123 |    89 ||   212
  Use: Potion            |     1 |       ||     1
 Stab: Sleeping          |     1 |     2 ||     3
  Eat: Chunk             |       |     5 ||     5
Armor: Robe              |    30 |       ||    30
       Ring mail         |    31 |    37 ||    68
Dodge: Dodged            |   105 |    47 ||   152
